 Dungeon Crawl Stone Soup version 0.18-a0-775-g4d9e04e (webtiles) character file.

151 tof the Ruffian (level 5, -2/47 HPs)
             Began as a Minotaur Monk on Dec 13, 2015.
             Was a Priest of Cheibriados.
             Killed from afar by an orc wizard (6 damage)
             ... with a magic dart
             ... on level 4 of the Dungeon.
             The game lasted 00:11:20 (2744 turns).

tof the Ruffian (Minotaur Monk)                     Turns: 2744, Time: 00:11:20

Health: -2/47      AC:  5    Str: 23    XL:     5   Next: 11%
Magic:  1/4        EV: 14    Int: 14    God:    Cheibriados [***...]
Gold:   192        SH:  6    Dex: 20    Spells: 0 memorised, 4 levels left

rFire  . . .     SeeInvis .     j - -2 whip (curse)
rCold  . . .     Clarity  .     h - +1 leather armour
rNeg   . . .     SustAt   .     d - +0 buckler
rPois  .         Gourm    .     (helmet restricted)
rElec  .         Spirit   .     (no cloak)
rCorr  .         Dismiss  .     e - +0 pair of gloves
rMut   .         Stasis   .     (no boots)
MR     .....                    m - +2 amulet of reflection
Stlth  ++........               (no ring)
                                (no ring)

@: very slow, not resistant to hostile enchantments, unstealthy
A: retaliatory headbutt, horns 2
a: Bend Time, Temporal Distortion, Renounce Religion


You were on level 4 of the Dungeon.
You worshipped Cheibriados.
Cheibriados was most pleased with you.
You were not hungry.

You visited 1 branch of the dungeon, and saw 4 of its levels.

You collected 192 gold pieces.

Inventory:

Hand Weapons
 c - a +0 whip
 j - a cursed -2 whip (weapon)
 k - a +0 dagger
Armour
 a - a +0 robe
 d - a +0 buckler (worn)
 e - a +0 pair of gloves (worn)
 h - a +1 leather armour (worn)
Jewellery
 m - a +2 amulet of reflection (around neck)
Wands
 l - a wand of slowing (16)
 r - a wand of paralysis (11)
Scrolls
 p - 2 scrolls of identify
 q - a scroll of enchant armour
Potions
 n - a potion of curing {unknown}
 o - a potion of berserk rage {unknown}
Comestibles
 b - 2 bread rations
 f - 3 fruits
 i - a meat ration


   Skills:
 + Level 4.3 Fighting
 * Level 1.7 Maces & Flails
 + Level 2.3 Armour
 - Level 3.9 Dodging
 + Level 2.3 Stealth
 + Level 0.8 Shields
 + Level 4.9 Unarmed Combat


You had 4 spell levels left.
You didn't know any spells.

Dungeon Overview and Level Annotations

Branches:
Dungeon (4/15)
 Temple: D:4-7

Altars:
Cheibriados
Makhleb


Innate Abilities, Weirdness & Mutations

You reflexively headbutt those who attack you in melee.
You have a pair of horns on your head.


Message History

The flow of time bends around you.
Cheibriados rebukes the orc wizard.
The orc wizard seems to slow down.
You feel slightly more hungry. You block the orc wizard's attack.
Read which item? (? for menu, Esc to quit)
Okay, then.
Drink which item? (? for menu, Esc to quit)
Okay, then.
You block the orc wizard's attack.
The orc wizard casts a spell.
The orc wizard blinks!
The orc wizard gestures at you while chanting.
You resist with some effort. The orc wizard hits you with a dagger.
* * * LOW HITPOINT WARNING * * *
The orc wizard misses you. You furiously retaliate!
You headbutt the orc wizard.
The orc wizard miscasts a cantrip.
The orc wizard gestures at you while chanting.
The magic dart hits you!
You die...

#.........
#.#.....
#....####.
#.<.......
#....####.
#.#.## #...#
####...######
#...o@......#
#.##...####..
#. #oo.#
#.##...#
#.#[#.##
#..###.#
#.#.#.##
#.##oo# #.
#..#


You could see 2 orc wizards and an orc.

Vanquished Creatures
  4 gnolls
  4 adders
  3 oozes
  An adder skeleton (D:4)
  3 orcs
  2 giant cockroaches
  8 hobgoblins
  8 kobolds
  4 quokkas
  2 ball pythons (D:3)
  6 bats
  5 giant newts
  7 goblins
  4 jackals (D:3)
  6 rats
67 creatures vanquished.

Notes
Turn   | Place    | Note
--------------------------------------------------------------
     0 | D:1      | tof the Minotaur Monk began the quest for the Orb.
     0 | D:1      | Reached XP level 1. HP: 19/19 MP: 0/0
   327 | D:1      | Reached XP level 2. HP: 27/27 MP: 1/1
  1004 | D:2      | Reached XP level 3. HP: 23/33 MP: 2/2
  1105 | D:2      | Found a snail-covered altar of Cheibriados.
  1147 | D:2      | Became a worshipper of Cheibriados the Contemplative
  1147 | D:2      | Reached * piety under Cheibriados
  1147 | D:2      | Reached ** piety under Cheibriados
  1453 | D:2      | Found a burning altar of Makhleb.
  1520 | D:2      | Reached skill level 1 in Armour
  1691 | D:2      | Reached XP level 4. HP: 35/40 MP: 3/3
  1938 | D:3      | Reached skill level 1 in Maces & Flails
  1987 | D:3      | Found a faded altar to an unknown god.
  2006 | D:3      | Reached *** piety under Cheibriados
  2434 | D:3      | Reached XP level 5. HP: 46/46 MP: 4/4
  2744 | D:4      | Killed from afar by an orc wizard

Vault maps used:
D:1:      tarquinn_simple_flora_water_b
D:2:      cheibriados_altar_wand_db, bloody_makhleb
D:3:      ecumenical_altar_2
D:4:      nicolae_gozag_seed_capital, first_bread

Action                   |  1- 3 |  4- 6 || total
-------------------------+-------+-------++-------
Melee: Whip              |    83 |    58 ||   141
       Unarmed           |     4 |       ||     4
Invok: Bend Time         |       |     1 ||     1
  Use: Scroll            |     4 |     4 ||     8
 Stab: Sleeping          |     1 |     2 ||     3
       Distracted        |       |     1 ||     1
  Eat: Chunk             |     1 |     1 ||     2
       Fruit             |     1 |       ||     1
